 Dungeon Sprint DCSS version 0.22-a0-429-g97ce8ef (webtiles) character file.

125 raistware the Geomancer (level 5, 0/35 HPs)
             Began as a Formicid Earth Elementalist on May 25, 2018.
             Slain by an orc
             ... wielding a +0 club
              (4 damage)
             ... in the Dungeon (Sprint IX: "|||||||||||||||||||||||||||||").
             The game lasted 00:02:25 (237 turns).

raistware the Geomancer (FoEE)                       Turns: 237, Time: 00:02:25

Health: 0/35       AC:  2    Str: 12    XL:     5   Next: 30%
Magic:  12/14      EV: 12    Int: 16    God:
Gold:   0          SH:  0    Dex: 11    Spells: 16/17 levels left

rFire    . . .     SeeInvis +   k - +0 short sword
rCold    . . .     Gourm    .   (no shield)
rNeg     . . .     Faith    .   c - +0 robe
rPois    .         Spirit   .   (helmet unavailable)
rElec    .         Reflect  .   (no cloak)
rCorr    .         Harm     .   (no gloves)
MR       .....                  (no boots)
Stlth    ++........             (no amulet)
HPRegen  0.11/turn              (no ring)
MPRegen  0.14/turn              (no ring)

@: no status effects
A: permanent stasis, dig shafts and tunnels, four strong arms, antennae 3
a: Dig


You were in the Dungeon.
You were not hungry.

You visited 1 branch

Inventory:

Hand Weapons
 k - a +0 short sword (weapon)
Missiles
 b - 20 stones (quivered)
Armour
 c - a +0 robe (worn)
Scrolls
 j - a scroll of blinking
Potions
 e - a potion of curing
 f - a potion of heal wounds
 g - a potion of haste
 i - a potion of berserk rage
Comestibles
 a - 2 chunks of flesh
 d - a ration


   Skills:
 - Level 1.7 Dodging
 - Level 2.4 Stealth
 + Level 6.5 Spellcasting
   Level 1.1 Transmutations
 + Level 9.5 Earth Magic


You had 16 spell levels left.
You knew the following spells:

 Your Spells              Type           Power        Failure   Level  Hunger
a - Sandblast             Erth           #####.       1%          1    None

Your spell library contained the following spells:

 Spells                   Type           Power        Failure   Level  Hunger
 Stone Arrow              Conj/Erth      ###...       5%          3    ##.....
 Passwall                 Tmut/Erth      ###.....     2%          2    None
 Lee's Rapid Deconstruct  Erth           #####.....   7%          5    #####..
 Petrify                  Tmut/Erth      ###.....     14%         4    ####...


Dungeon Overview and Level Annotations

Branches:
Dungeon (1/1)

Altars:


Innate Abilities, Weirdness & Mutations

You cannot be hasted, slowed, berserked, paralysed or teleported.
You can dig through walls and to a lower floor.
Your four strong arms can wield two-handed weapons with a shield.
You have a pair of large antennae on your head. (SInv)


Message History

The orc hits you with a club.
* * * LOW HITPOINT WARNING * * *
Casting: Sandblast (safe; 1% risk of failure)
Confirm with . or Enter, or press ? or * to list all spells.
Aiming: Sandblast (safe; 1% risk of failure)
Press: ? - help, Shift-Dir - straight line, f - orc
Aim: an orc, wielding a club and wearing a leather armour The blast of sand misses the orc.
b - 21 stones The orc closely misses you.
Casting: Sandblast (safe; 1% risk of failure)
Confirm with . or Enter, or press ? or * to list all spells.
Aiming: Sandblast (safe; 1% risk of failure)
Press: ? - help, Shift-Dir - straight line, f/p - orc
Aim: an orc, wielding a club and wearing a leather armour The blast of sand hits the orc.
The orc is severely wounded.
b - 20 stones The orc hits you with a club.
You die... ▓▓▓▓▓▓▓▓▓▓▓▓▓▓▓▓▓▓ ▓<.@o).....'.§Z..+ ▓▓▓▓▓▓▓▓▓▓▓▓▓▓▓▓▓▓

You could see an orc.

Vanquished Creatures
  An ogre (D)
  A crimson imp (D)
  A leopard gecko (D)
  A bat skeleton (D)
  2 goblins (D)
  A hobgoblin (D)
  A kobold (D)
  A quokka skeleton (D)
9 creatures vanquished.

Notes
Turn   | Place    | Note
-------+----------+-------------------------------------------
     0 | D        | raistware the Formicid Earth Elementalist began the quest for the Orb.
     0 | D        | Reached XP level 1. HP: 13/13 MP: 3/3
     8 | D        | Reached skill level 4 in Earth Magic
    10 | D        | Reached skill level 5 in Earth Magic
    23 | D        | Reached XP level 2. HP: 7/19 MP: 1/5
   221 | D        | Noticed an ogre
   221 | D        | Noticed a crimson imp
   230 | D        | Killed an ogre
   230 | D        | Reached skill level 5 in Spellcasting
   230 | D        | Reached skill level 8 in Earth Magic
   230 | D        | Reached XP level 3. HP: 4/24 MP: 2/10
   230 | D        | Reached XP level 4. HP: 5/30 MP: 2/11
   232 | D        | Reached skill level 9 in Earth Magic
   232 | D        | Reached XP level 5. HP: 5/35 MP: 0/14
   237 | D        | Slain by an orc

Vault maps used:
D:        linesprint

Skill      XL: |  1  2  3  4 |
---------------+-------------+-----
Earth Magic    | 5 8 9 |  9.5
Spellcasting   | 5 6 |  6.5
Dodging        | |  1.7
Stealth        | |  2.4
Transmutations | |  1.1

Action                   |  1- 3 |  4- 6 || total
-------------------------+-------+-------++-------
Melee: Unarmed           |    12 |       ||    12
 Cast: Sandblast         |     7 |     6 ||    13
  Use: Potion            |     1 |     1 ||     2
Armor: Robe              |     4 |       ||     4
Dodge: Dodged            |     9 |     3 ||    12

Table legend:
 A = Spawn XP
 B = Non-spawn XP
 C = Spawn XP percentage of total XP
 D = Spawn monster count
 E = Non-spawn monster count
 F = Spawn count percentage of total count
 G = Total turns spent on level
                    A         B        C        D         E        F      G
               +---------+---------+-------+---------+---------+-------+---------
         Total |       0 |     179 |   0.0 |       0 |       9 |   0.0 |   237
               +---------+---------+-------+---------+---------+-------+---------
             D |       0 |     179 |   0.0 |       0 |       9 |   0.0 |   237
               +---------+---------+-------+---------+---------+-------+---------
